 Dungeon Crawl Stone Soup version 0.30-a0-1163-gf69bf04e7a (webtiles) character file.

Game seed: 9708860579675430660

695 NotreDorf the Poker (level 7, -1/55 HPs)
             Began as a Merfolk Gladiator on Apr 28, 2023.
             Was a Follower of Dithmenos.
             Slain by Edmund
             ... wielding a +3 flail of protection
              (2 damage)
             ... on level 5 of the Dungeon.
             The game lasted 00:19:40 (3879 turns).

NotreDorf the Poker (Merfolk Gladiator)             Turns: 3879, Time: 00:19:40

Health: -1/55      AC:  9    Str: 17 (20) XL:     7   Next: 64%
Magic:  20/20      EV: 14    Int:  6 (8)  God:    Dithmenos [*.....]
Gold:   236        SH:  0    Dex: 12 (13) Spells: 10/12 levels left

rFire   . . .        a - +1 trident (elec)
rCold   x . .        (no shield)
rNeg    . . .        u - +1 leather armour of Cathrof {rPois rC- Str+4 Dex-2}
rPois   +            c - +0 helmet
rElec   .            t - +2 cloak
rCorr   .            (no gloves)
SInv    .            n - +0 pair of boots
Will    .....        (no amulet)
Stlth   ++           x - ring of magical power
HPRegen 0.29/turn    (no ring)
MPRegen 0.17/turn

%: no passive effects
@: wreathed by umbra
A: (nimble swimmer 2), mertail
a: Renounce Religion


You were on level 5 of the Dungeon.
You worshipped Dithmenos.
Dithmenos was aware of your devotion.
You visited 2 branches of the dungeon, and saw 6 of its levels.

You collected 236 gold pieces.

Inventory:

Hand Weapons
 a - a +1 trident of electrocution (weapon)
Missiles
 d - 3 throwing nets (quivered)
Armour
 c - a +0 helmet (worn)
 n - a +0 pair of boots (worn)
 t - a +2 cloak (worn)
 u - the +1 leather armour of Cathrof (worn) {rPois rC- Str+4 Dex-2}
   (You found it on level 3 of the Dungeon)

   Str:       It affects your strength (+4).
   Dex:       It affects your dexterity (-2).
   rC:        It makes you vulnerable to cold.
   rPois:     It protects you from poison.
Jewellery
 v - an amulet of faith
 x - a ring of magical power (left hand)
Wands
 y - a wand of digging (6)
Scrolls
 j - a scroll of teleportation
 s - a scroll of blinking
Potions
 b - a potion of flight
 e - a potion of haste {unknown}
 f - a potion of resistance
 h - 2 potions of might
 k - 3 potions of curing
 o - a potion of berserk rage {unknown}
 w - a potion of cancellation


   Skills:
 + Level 4.7 Fighting
 + Level 6.5 Polearms
 - Level 2.0 Throwing
 + Level 6.4 Dodging
 + Level 2.4 Stealth
 + Level 3.2 Spellcasting
 + Level 0.3 Translocations


You had 10 spell levels left.
You knew the following spells:

 Your Spells              Type           Power      Damage    Failure   Level
a - Blink                 Tloc           2%         N/A       50%         2

Your spell library contained the following spells:

 Spells                   Type           Power      Damage    Failure   Level
 Summon Small Mammal      Summ           0%         N/A       41%         1
 Gell's Gravitas          Tloc           1%         N/A       75%         3
 Teleport Other           Tloc           1%         N/A       75%         3
 Vhi's Electric Charge    Tloc/Air       2%         N/A       77%         3
 Call Canine Familiar     Summ           0%         N/A       80%         3
 Summon Guardian Golem    Hex/Summ       0%         N/A       80%         3
 Manifold Assault         Tloc           1%         N/A       98%         4
 Alistair's Intoxication  Tmut/Pois      0%         N/A       100%        5
 Arcjolt                  Conj/Air       0%         1d10      100%        5
 Borgnjor's Vile Clutch   Necr/Erth      0%         N/A       100%        5
 Iskenderun's Battlesphe  Conj           0%         2d6       100%        5
 Dispersal                Tloc           0%         N/A       100%        6
 Eringya's Noxious Bog    Tmut/Pois      0%         N/A       100%        6
 Iron Shot                Conj/Erth      0%         9d1       100%        6
 Plasma Beam              Fire/Air       0%         2x1d11    100%        6
 Spellforged Servitor     Conj/Summ      0%         N/A       100%        7
 Storm Form               Tmut/Air       0%         N/A       100%        7


Dungeon Overview and Level Annotations

Branches:
Dungeon (5/15)             Temple (1/1) D:4

Altars:
Ashenzari
Cheibriados
Dithmenos
Fedhas
Hepliaklqana
Kikubaaqudgha
Nemelex Xobeh
Qazlal
Ru
Sif Muna
Trog
Uskayaw
Vehumet
Zin
The Shining One

Annotations:
D:2 Sigmund
D:5 Edmund


Innate Abilities, Weirdness & Mutations

((You are very nimble when in or above water. (Stealth+, EV+, Speed+++)))
Your lower body shifts to a powerful aquatic tail in water.


Message History

You hit Edmund.
Edmund is heavily wounded.
Edmund misses you.
You hit Edmund but do no damage.
Edmund is heavily wounded.
Edmund hits you with a +3 flail of protection!
You are too injured to fight recklessly!
You are too injured to fight recklessly!
You hit Edmund but do no damage.
Edmund is heavily wounded.
Edmund closely misses you.
You hit Edmund but do no damage.
Edmund is heavily wounded.
Edmund hits you with a +3 flail of protection!
* * * LOW HITPOINT WARNING * * *
You hit Edmund but do no damage.
Edmund is heavily wounded.
Edmund misses you.
You hit Edmund. Lightning courses through Edmund!
Edmund is almost dead.
Edmund hits you with a +3 flail of protection.
* * * LOW HITPOINT WARNING * * *
You hit Edmund but do no damage.
Edmund is almost dead.
Edmund hits you with a +3 flail of protection.
* * * LOW HITPOINT WARNING * * *
You barely miss Edmund.
Edmund is almost dead.
Edmund closely misses you.
You hit Edmund but do no damage.
Edmund is almost dead.
Edmund hits you with a +3 flail of protection!
* * * LOW HITPOINT WARNING * * *
You hit Edmund but do no damage.
Edmund is almost dead.
Edmund barely misses you.
You closely miss Edmund.
Edmund is almost dead.
Edmund hits you with a +3 flail of protection.
You die...

.. ..# ....# ... #
...... ... .##
.......##.. ..
..........##.#
.............#####
...........@......
..........@#
.#.............#.#..
#......................
#........####.#######..
.#.##..... #..#.#.....
.#.......# #..........
.........###.#........
..........##.#........
.............##>......


You could see Edmund.

Vanquished Creatures
  An ogre (D:4)
  A phantom (D:5)
  2 scorpions (D:4)
  A hound (D:2)
  An orc priest (D:4)
  A sleepcap (D:4)
  Ijyb (D:3)
  Natasha (twice) (D:4)
  2 iguanas
  An orc wizard (D:4)
  Robin (D:4)
  5 adders
  3 worms
  9 orcs
  7 ball pythons
  6 endoplasms
  3 giant cockroaches
  9 hobgoblins
  7 jackals (D:3)
  9 kobolds
  2 quokkas
  8 bats
  A frilled lizard (D:2)
  24 goblins
  6 rats
113 creatures vanquished.

Notes
Turn   | Place    | Note
-------+----------+-------------------------------------------
     0 | D:1      | NotreDorf the Merfolk Gladiator began the quest for the
                  | Orb.
     0 | D:1      | Reached XP level 1. HP: 16/16 MP: 1/1
   181 | D:1      | Reached XP level 2. HP: 23/23 MP: 2/2
   980 | D:2      | Reached XP level 3. HP: 24/28 MP: 4/4
   983 | D:2      | Reached skill level 1 in Spellcasting
  1140 | D:2      | Reached XP level 4. HP: 25/35 MP: 4/6
  1334 | D:2      | Noticed Sigmund
  1751 | D:3      | Identified the +1 leather armour of Cathrof {rPois rC-
                  | Str+4 Dex-2}
  1873 | D:3      | Reached skill level 5 in Polearms
  1873 | D:3      | Reached skill level 5 in Dodging
  1926 | D:3      | Found a snail-covered altar of Cheibriados.
  1938 | D:3      | Reached XP level 5. HP: 37/41 MP: 7/7
  2553 | D:3      | Noticed Ijyb
  2584 | D:3      | Killed Ijyb
  2809 | D:4      | Found a staircase to the Ecumenical Temple.
  2816 | D:4      | Noticed an ogre
  2845 | D:4      | Killed an ogre
  2846 | D:4      | Reached XP level 6. HP: 48/48 MP: 9/9
  2908 | Temple   | Entered the Ecumenical Temple
  2956 | Temple   | Became a worshipper of Dithmenos the Shadowed
  3031 | D:4      | Noticed Robin
  3052 | D:4      | Killed Robin
  3294 | D:4      | Reached skill level 1 in Stealth
  3320 | D:4      | Reached XP level 7. HP: 35/54 MP: 11/11
  3476 | D:4      | Noticed Natasha
  3487 | D:4      | Killed Natasha
  3572 | D:4      | Noticed Natasha
  3577 | D:4      | Killed Natasha
  3643 | D:4      | Reached * piety under Dithmenos
  3704 | D:4      | Learned a level 2 spell: Blink
  3804 | D:5      | Entered Level 5 of the Dungeon
  3845 | D:5      | Noticed Edmund
  3877 | D:5      | HP: 1/55 [Edmund/+3 flail of protection (8)]
  3879 | D:5      | Slain by Edmund

Illustrated notes

Levels and vault maps discovered:
D:1:      lemuel_arrival_funnel, layout_basic
D:2:      layout_basic, uniq_sigmund
D:3:      kennysheep_goblin_castle, layout_loops_ring, chei_slow_surprise,
          eino_tiny_chamber, kennysheep_flooded_box
D:4:      layout_gridville, temple_pool_b, uniq_ijyb, uniq_natasha, uniq_robin
D:5:      layout_cave_pools, enter_ossuary_4, uniq_edmund
Temple:   nicolae_temple_ecumenical_triangle

Skill      XL: |  1  2  3  4  5  6  7 |
---------------+----------------------+-----
Spellcasting   | 1 2 3 |  3.2
Fighting       | 3 4 |  4.7
Polearms       | 5 6 |  6.5
Dodging        | 5 6 |  6.4
Stealth        | 1 2 |  2.4
Throwing       | |  2.0
Translocations | |  0.3

Action                     |  1- 3 |  4- 6 |  7- 9 || total
---------------------------+-------+-------+-------++-------
  Melee: Trident           |    95 |   245 |    77 ||   417
         Tailslap          |       |     2 |       ||     2
         Punch             |       |     1 |     1 ||     2
    Use: Scroll            |     3 |     2 |    12 ||    17
         Potion            |       |       |     6 ||     6
   Stab: Sleeping          |       |     4 |     1 ||     5
 Armour: Leather armour    |    21 |    49 |    16 ||    86
  Dodge: Dodged            |    52 |   108 |    47 ||   207

Table legend: (Time is in decaauts)
 A = Elapsed time spent in this place.
 B = Non-inter-level travel time spent in this place.
 C = Inter-level travel time spent in this place.
 D = Time resting spent in this place.
 E = Time spent auto-exploring this place.
 F = Levels seen in this place.
 G = Mean time per level.
                   A        B        C        D        E       F      G
               +--------+--------+--------+--------+--------+-----+--------+
         Total |   3874 |   3750 |    124 |     41 |   2472 |   6 |  645.7 |
       Dungeon |   3814 |   3701 |    113 |     41 |   2472 |   5 |  762.8 |
        Temple |     59 |     48 |     11 |      0 |      0 |   1 |   59.0 |
               +--------+--------+--------+--------+--------+-----+--------+

Top non-repeatable levels by time:
     D:3: 1127 daAuts
     D:1: 970 daAuts
     D:4: 939 daAuts
     D:2: 702 daAuts
     D:5: 74 daAuts
  Temple: 59 daAuts
